 Dungeon Crawl Stone Soup version 0.29-a0-542-g075992c915 (webtiles) character file.

Game seed: 16629210826956404787

28716 brmiller01 the Severer (level 13, -3/123 HPs)
             Began as a Hill Orc Monk on June 4, 2022.
             Was the Champion of Beogh.
             Slain by a 12-headed hydra (6 damage)
             ... on level 4 of the Lair of Beasts on June 5, 2022.
             The game lasted 00:51:01 (15715 turns).

brmiller01 the Severer (Hill Orc Monk)             Turns: 15715, Time: 00:51:02

Health: -3/123     AC: 27    Str: 23    XL:     13   Next: 40%
Magic:  8/11       EV:  7    Int: 10    God:    Beogh [******]
Gold:   2664       SH: 16    Dex: 16    Spells: 12/12 levels left

rFire   + . .      SeeInvis .   O - +1 broad axe (venom)
rCold   . . .      Faith    .   J - +0 kite shield
rNeg    . . .      Spirit   .   v - +1 plate armour
rPois   .          Reflect  +   m - +2 helmet
rElec   .          Harm     .   C - +2 cloak
rCorr   .          Rampage  .   (no gloves)
Will    .....                   (no boots)
Stlth   ..........              V - amulet of Kuzahesh {Reflect +Inv Dex+3 SH+5}
HPRegen 0.30/turn               f - ring of protection from fire
MPRegen 0.12/turn               Z - +4 ring of protection

@: no status effects
A: walk on water, low MP 1, strong 2
a: Renounce Religion, Evoke Invisibility, Smiting, Recall Orcish Followers, Give
Item to Named Follower, Resurrection


You were on level 4 of the Lair of Beasts.
You worshipped Beogh.
Beogh was exalted by your worship.
You visited 4 branches of the dungeon, and saw 17 of its levels.
You also visited: Ossuary.

You collected 2839 gold pieces.
You spent 175 gold pieces at shops.

Inventory:

Hand Weapons
 O - a +1 broad axe of venom (weapon)
Missiles
 d - 37 poisoned darts
 h - 433 stones (quivered)
 I - 15 boomerangs
 L - 5 curare-tipped darts
 U - 5 javelins
Armour
 m - a +2 helmet (worn)
 v - a +1 plate armour (worn)
 C - a +2 cloak (worn)
 J - a +0 kite shield (worn)
Jewellery
 f - a ring of protection from fire (left hand)
 o - an amulet of regeneration
 V - the amulet of Kuzahesh (around neck) {Reflect +Inv Dex+3 SH+5}
   (You found it on level 3 of the Lair of Beasts)

   [amulet of reflection]

   It reflects blocked missile attacks.
   Dex:       It affects your dexterity (+3).
   +Inv:      It lets you turn invisible.
   SH:        It affects your SH (+5).
 Z - a +4 ring of protection (right hand)
Wands
 c - a wand of digging (3)
 p - a wand of charming (13)
 x - a wand of paralysis (12)
 y - a wand of iceblast (12)
 F - a wand of polymorph (12)
 N - a wand of flame (4)
 Y - a wand of mindburst (6)
Scrolls
 b - 5 scrolls of poison
 g - 2 scrolls of enchant armour
 i - 2 scrolls of torment
 n - 2 scrolls of noise
 q - 5 scrolls of teleportation
 s - 3 scrolls of magic mapping
 u - 2 scrolls of amnesia
 w - a scroll of silence
 K - 2 scrolls of fog
 P - 2 scrolls of fear
 Q - a scroll of blinking
Potions
 a - 5 potions of brilliance
 e - 2 potions of invisibility
 j - 3 potions of magic
 k - 3 potions of cancellation
 l - 3 potions of curing
 r - 3 potions of flight
 z - 4 potions of resistance
 A - 4 potions of mutation
 D - a potion of ambrosia
 G - 2 potions of heal wounds
 H - 5 potions of might
 X - a potion of haste


   Skills:
 + Level 13.9 Fighting
 - Level 18.0 Axes
 + Level 12.0 Armour
 - Level 2.4 Dodging
 - Level 1.5 Stealth
 + Level 9.0 Shields


You had 12 spell levels left.
You didn't know any spells.
Your spell library contained the following spells:

 Spells                   Type           Power      Damage    Failure   Level
 Apportation              Tloc           0%         N/A       100%        1
 Beastly Appendage        Tmut           0%         N/A       100%        1
 Freeze                   Ice            0%         1d3       100%        1
 Magic Dart               Conj           0%         1d3       100%        1
 Necrotize                Necr           0%         1d4       100%        1
 Sting                    Tmut/Pois      0%         1d3       100%        1
 Summon Small Mammal      Summ           0%         N/A       100%        1
 Blink                    Tloc           0%         N/A       100%        2
 Call Imp                 Summ           0%         N/A       100%        2
 Ensorcelled Hibernation  Hex/Ice        0%         N/A       100%        2
 Passwall                 Tmut/Erth      0%         N/A       100%        2
 Poisonous Vapours        Pois/Air       0%         N/A       100%        2
 Static Discharge         Conj/Air       0%         N/A       100%        2
 Wereblood                Tmut           0%         N/A       100%        2
 Frozen Ramparts          Ice            0%         1d2       100%        3
 Lesser Beckoning         Tloc           0%         N/A       100%        3
 Mephitic Cloud           Conj/Pois/Air  0%         N/A       100%        3
 Spider Form              Tmut/Pois      0%         N/A       100%        3
 Swiftness                Air            0%         N/A       100%        3
 Cause Fear               Hex            0%         N/A       100%        4
 Hailstorm                Conj/Ice       0%         3d3       100%        4
 Olgreb's Toxic Radiance  Pois           0%         N/A       100%        4
 Manifold Assault         Tloc           0%         N/A       100%        5
 Dragon Form              Tmut           0%         N/A       100%        7
 Dragon's Call            Summ           0%         N/A       100%        9


Dungeon Overview and Level Annotations

Branches:
Dungeon (10/15)            Temple (1/1) D:5            Lair (4/6) D:9
    Orc (2/2) D:10            Elf (0/3) Orc:2       Ossuary (visited)
  Swamp: Lair:2-4    Shoals: Lair:2-4     Snake: Lair:2-4    Spider: Lair:2-4

Altars:
Ashenzari
Cheibriados
Dithmenos
Elyvilon
Fedhas
Gozag
Hepliaklqana
Kikubaaqudgha
Makhleb
Nemelex Xobeh
Okawaru
Qazlal
Ru
Sif Muna
Trog
Uskayaw
Vehumet
Wu Jian
Xom
Yredelemnul
Zin
The Shining One
Beogh

Shops:
Orc:2 *[:[[

Portals:
Abyss: D:10


Innate Abilities, Weirdness & Mutations

You can walk on water.
Your magical capacity is low. (-10% MP)
Your muscles are very strong. (Str +4)


Message History

You block the 11-headed hydra's attack. x3; The 11-headed hydra bites you!
You block the 11-headed hydra's attack. The 11-headed hydra bites you!
* * * LOW HITPOINT WARNING * * *
The 11-headed hydra bites you but does no damage. x2
The 11-headed hydra bites you.
* * * LOW HITPOINT WARNING * * *
The 11-headed hydra bites you.
* * * LOW HITPOINT WARNING * * *
The 11-headed hydra barely misses you.
You lop one of the 11-headed hydra's heads off!
The ten-headed hydra grows two more!
You slash the 12-headed hydra!
The 12-headed hydra is severely wounded.
The 12-headed hydra bites you!
* * * LOW HITPOINT WARNING * * *
You block the 12-headed hydra's attack. x2
The 12-headed hydra barely misses you. The 12-headed hydra bites you!
* * * LOW HITPOINT WARNING * * *
The 12-headed hydra bites you but does no damage. x2
The 12-headed hydra barely misses you. You block the 12-headed hydra's attack.
The 12-headed hydra bites you but does no damage.
The 12-headed hydra barely misses you. You block the 12-headed hydra's attack.
Aiming: Smiting
Press: ? - help, Dir - move target, f/p - 12-headed hydra Smite: a 12-headed hydra (severely wounded, ally target)
You smite the 12-headed hydra!
The 12-headed hydra is severely wounded.
Warbeogh barely misses the 12-headed hydra.
You block the 12-headed hydra's attack.
The 12-headed hydra bites you but does no damage.
The 12-headed hydra bites you.
* * * LOW HITPOINT WARNING * * *
The 12-headed hydra bites you but does no damage.
The 12-headed hydra bites you.
* * * LOW HITPOINT WARNING * * *
You block the 12-headed hydra's attack. The 12-headed hydra bites you.
* * * LOW HITPOINT WARNING * * *
You block the 12-headed hydra's attack. x2; The 12-headed hydra bites you.
* * * LOW HITPOINT WARNING * * *
The 12-headed hydra bites you.
You die...

#....†........#########
#.....###...##.#..#.#.#
#....## ##P......#...##
#...## ##P..<.#....#
....# ###........#
#..## ##..##....#
##.### #..o#.....#
.....# #..)D....##
+.8..........Y.#@...#
#......#.#....#....##
#.......##...##.####
#####.....$.# ..#
...8... #... ......
##.. 8...8 ###.


You could see a 12-headed hydra (ally target) and the friendly Warbeogh the orc
knight.

Vanquished Creatures
  The ghost of spaghetti the Martial Artist, a journeyman DsBe of Trog (Orc:2)
  A hydra (Lair:4)
  A catoblepas (Lair:2)
  A two-headed ogre (D:6)
  3 death yaks (Lair:4)
  A thrashing horror (D:10)
  An ugly thing (D:10)
  2 orc sorcerers (Orc:2)
  Joseph (D:9)
  2 toenail golems (D:10)
  A black mamba (Lair:2)
  5 cane toads
  4 komodo dragons
  A hornet (D:9)
  Grinder (D:6)
  9 blink frogs
  A spriggan (Lair:1)
  A shadow (D:10)
  A vampire (D:9)
  18 yaks
  A basilisk (Lair:1)
  3 wargs (Orc:2)
  Menkaure (Ossuary)
  Edmund (D:4)
  9 water moccasins
  2 acid dragons
  An ice beast (D:6)
  4 ogres
  5 orc warriors
  A black bear (Lair:3)
  14 wolves
  3 centaurs
  3 kobold brigands
  3 phantoms
  9 bullfrogs
  A gnoll sergeant (D:9)
  2 necrophages
  2 scorpions
  3 wights (D:7)
  4 killer bees (D:10)
  A howler monkey (D:4)
  A crimson imp (D:7)
  A gnoll shaman (D:4)
  3 orc priests
  4 hounds
  3 jellies
  7 iguanas
  6 orc wizards
  4 hell rats (Lair:3)
  4 mummies
  10 gnolls
  8 adders
  2 shadow imps (D:6)
  2 white imps (D:6)
  A dart slug (D:4)
  9 orcs
  4 bats
  6 endoplasms
  2 goblins (D:2)
  3 hobgoblins
  4 jackals (D:1)
  16 kobolds
  6 quokkas
  7 ball pythons
  4 frilled lizards
  3 gnoll skeletons (Ossuary)
  2 gnoll zombies (Ossuary)
  6 goblin skeletons (Ossuary)
  3 goblin zombies (Ossuary)
  A hobgoblin skeleton (Ossuary)
  2 hobgoblin zombies (Ossuary)
  3 kobold skeletons (Ossuary)
  5 kobold zombies (Ossuary)
  4 orc skeletons (Ossuary)
  7 orc zombies (Ossuary)
  5 rats
  8 rat skeletons (Ossuary)
  6 rat zombies (Ossuary)
301 creatures vanquished.

Vanquished Creatures (collateral kills)
  The ghost of EnronHubbard the Archer, a journeyman MeFi of Okawaru (D:10)
  Harold (Lair:2)
  A hydra (Lair:3)
  A catoblepas (Lair:2)
  Sonja (D:10)
  A skeletal warrior (D:10)
  2 orc sorcerers (Orc:2)
  A black mamba (Lair:2)
  A smoke demon (D:10)
  5 cane toads
  A troll (D:10)
  8 blink frogs
  A wyvern (Lair:2)
  A shadow (D:10)
  7 yaks
  A basilisk (Lair:4)
  2 steam dragons
  5 wargs (Orc:2)
  3 water moccasins
  2 orc warriors
  A black bear (Lair:2)
  10 wolves
  3 ogres (Orc:2)
  2 necrophages (D:8)
  A kobold brigand (D:8)
  5 bullfrogs
  4 killer bees (D:10)
  An electric eel (D:7)
  A howler monkey (D:10)
  8 orc wizards
  2 gnolls (D:9)
  16 orcs
  3 kobolds (D:8)
  A plant (Lair:1)
104 creatures vanquished.

Vanquished Creatures (others)
  2 orc knights
  3 orc sorcerers (Lair:4)
  6 orc warriors
  20 orc wizards
  27 orcs
  4 orc priests
  A giant cockroach (D:4)
  40 fungi
  51 plants
154 creatures vanquished.

Grand Total: 559 creatures vanquished

Notes
Turn   | Place    | Note
-------+----------+-------------------------------------------
     0 | D:1      | brmiller01 the Hill Orc Monk began the quest for the Orb.
     0 | D:1      | Reached XP level 1. HP: 19/19 MP: 1/1
   667 | D:1      | Reached XP level 2. HP: 27/27 MP: 2/2
  1720 | D:2      | Reached skill level 5 in Axes
  1742 | D:2      | Reached XP level 3. HP: 32/33 MP: 3/3
  1989 | D:2      | Found a shadowy altar of Dithmenos.
  2186 | D:2      | Reached XP level 4. HP: 41/41 MP: 4/4
  2733 | D:3      | Reached skill level 6 in Axes
  2942 | D:3      | Reached XP level 5. HP: 40/47 MP: 5/5
  3102 | D:3      | Found a shimmering blue altar of Sif Muna.
  3180 | D:3      | Found a faded altar of an unknown god.
  3315 | D:4      | Became a worshipper of Beogh the Brigand
  3315 | D:4      | Reached * piety under Beogh
  3315 | D:4      | Reached ** piety under Beogh
  3374 | D:4      | Reached skill level 5 in Fighting
  3374 | D:4      | Reached skill level 1 in Armour
  3397 | D:4      | Found a sand-covered staircase.
  3404 | D:4      | Reached skill level 7 in Axes
  3411 | Ossuary  | Entered an ossuary
  3544 | Ossuary  | Reached *** piety under Beogh
  3550 | Ossuary  | Reached XP level 6. HP: 56/56 MP: 6/6
  3730 | Ossuary  | Noticed Menkaure
  3741 | Ossuary  | Killed Menkaure
  3943 | D:4      | Reached skill level 8 in Axes
  3943 | D:4      | Reached XP level 7. HP: 54/62 MP: 7/7
  4471 | D:5      | Entered Level 5 of the Dungeon
  4471 | D:5      | Noticed Edmund
  4491 | D:4      | HP: 2/62 [poisoned by Edmund]
  4567 | D:4      | Killed Edmund
  4570 | D:4      | HP: 3/63 [poisoned by Edmund]
  4575 | D:4      | HP: 2/63 [poisoned by Edmund]
  4984 | D:5      | Found a staircase to the Ecumenical Temple.
  5042 | D:5      | HP: 3/63 [gnoll/+0 spear (4)]
  5048 | D:5      | Reached skill level 9 in Axes
  5154 | D:5      | Reached XP level 8. HP: 33/71 MP: 8/8
  5269 | D:4      | Reached **** piety under Beogh
  5320 | D:5      | Reached skill level 10 in Axes
  5652 | D:5      | Found a stormy altar of Qazlal.
  5783 | Temple   | Entered the Ecumenical Temple
  6316 | D:6      | Noticed Grinder
  6329 | D:6      | Paralysed by Grinder for 3 turns
  6337 | D:6      | Killed Grinder
  6338 | D:6      | Reached skill level 11 in Axes
  6338 | D:6      | Reached skill level 5 in Armour
  6474 | D:6      | Found a glowing silver altar of Zin.
  6503 | D:6      | Reached XP level 9. HP: 63/81 MP: 9/9
  6700 | D:6      | Noticed a two-headed ogre
  6833 | D:6      | Killed a two-headed ogre
  6834 | D:6      | Reached skill level 12 in Axes
  6988 | D:7      | Found a glowing golden altar of the Shining One.
  6990 | D:7      | Noticed an angel
  7012 | D:7      | Found a radiant altar of Vehumet.
  7013 | D:7      | Found a burning altar of Makhleb.
  7039 | D:7      | Found a basalt altar of Yredelemnul.
  7041 | D:7      | Noticed a profane servitor
  7056 | D:7      | Found an ornate altar of the Wu Jian Council.
  7401 | D:7      | Found a bloodstained altar of Trog.
  7422 | D:7      | Reached skill level 13 in Axes
  7587 | D:7      | Reached XP level 10. HP: 72/91 MP: 10/10
  8336 | D:8      | Reached skill level 14 in Axes
  8737 | D:9      | Reached ***** piety under Beogh
  8790 | D:9      | Reached skill level 10 in Fighting
  8908 | D:9      | Found an iron altar of Okawaru.
  8952 | D:9      | HP: 4/93 [poisoned by a gnoll]
  8956 | D:9      | Gained Alork as an ally
  8957 | D:9      | HP: 4/93 [poisoned by a gnoll]
  8960 | D:9      | Your ally Alork died
  9057 | D:9      | Noticed Joseph
  9084 | D:9      | Killed Joseph
  9282 | D:9      | Found a staircase to the Lair.
  9520 | D:9      | Reached skill level 15 in Axes
  9690 | D:10     | Entered Level 10 of the Dungeon
  9694 | D:10     | Reached skill level 1 in Shields
  9707 | D:10     | Gained Arbolt as an ally
  9909 | D:10     | Found a transporter.
  9914 | D:10     | Found a transporter.
  9916 | D:10     | Noticed a toenail golem
  9922 | D:10     | Noticed a smoke demon
  9980 | D:10     | Found a staircase to the Orcish Mines.
  9983 | D:10     | Noticed Sonja
  9989 | D:10     | Killed Sonja
  9990 | D:10     | Reached XP level 11. HP: 43/101 MP: 11/11
 10193 | D:10     | HP: 5/101 [troll (3)]
 10316 | D:10     | Noticed a purple ugly thing
 10339 | D:10     | Killed a purple ugly thing
 10491 | D:10     | Found a sacrificial altar of Ru.
 10532 | D:10     | Noticed a skeletal warrior
 10535 | D:10     | Noticed EnronHubbard's ghost (journeyman MeFi)
 10537 | D:10     | Noticed a thrashing horror
 10548 | D:10     | Found a one-way gate to the infinite horrors of the Abyss.
 10800 | D:10     | Killed a thrashing horror
 10808 | D:10     | Reached skill level 16 in Axes
 10813 | D:10     | Killed EnronHubbard's ghost
 10838 | D:10     | Your ally Arbolt died
 10841 | D:10     | Killed a skeletal warrior
 10933 | Orc:1    | Entered Level 1 of the Orcish Mines
 10945 | Orc:1    | Noticed an orc sorcerer
 11275 | Orc:2    | Entered Level 2 of the Orcish Mines
 11275 | Orc:2    | Found a staircase to the Elven Halls.
 11326 | Orc:2    | Gained Warbeogh as an ally
 11339 | Orc:2    | Killed an orc sorcerer
 11342 | Orc:2    | Found Eliula's Book Emporium.
 11489 | Orc:2    | Noticed an orc sorcerer
 11609 | Orc:2    | Found Casie's Antique Armour Shop.
 11609 | Orc:2    | Noticed an orc sorcerer
 11609 | Orc:2    | Noticed an orc sorcerer
 11614 | Orc:2    | Killed an orc sorcerer
 11644 | Orc:2    | Noticed an orc sorcerer
 11649 | Orc:2    | Killed an orc sorcerer
 11663 | Orc:2    | Found a transporter.
 11764 | Orc:2    | Found a roughly hewn altar of Beogh.
 11764 | Orc:2    | Noticed an orc sorcerer
 11770 | Orc:2    | Killed an orc sorcerer
 11795 | Orc:2    | Found Decei's Antique Armour Emporium.
 11808 | Orc:2    | Found Mihiymoni's Antique Armour Shop.
 11861 | Orc:2    | Noticed spaghetti's ghost (journeyman DsBe)
 11867 | Orc:2    | Found a transporter.
 11994 | Orc:2    | Found Niukehegua's Assorted Antiques.
 12113 | Orc:2    | Bought a runed broad axe for 175 gold pieces
 12286 | Orc:2    | Killed spaghetti's ghost
 12287 | Orc:2    | Reached skill level 17 in Axes
 12287 | Orc:2    | Reached skill level 5 in Shields
 12287 | Orc:2    | Reached XP level 12. HP: 89/111 MP: 7/12
 12444 | Lair:1   | Entered Level 1 of the Lair of Beasts
 12721 | Lair:1   | Reached skill level 10 in Armour
 12748 | Lair:1   | Reached ****** piety under Beogh
 12786 | Lair:1   | Gained Gorbash as an ally
 12890 | Lair:1   | Reached skill level 18 in Axes
 13422 | Lair:2   | Noticed a catoblepas
 13431 | Lair:2   | Killed a catoblepas
 13472 | Lair:2   | You fall into a shaft and drop 1 floor!
 13640 | Lair:3   | Identified the amulet of Kuzahesh {Reflect +Inv Dex+3 SH+5}
 13680 | Lair:2   | Reached XP level 13. HP: 122/122 MP: 13/13
 13826 | Lair:2   | Your ally Gorbash died
 13833 | Lair:2   | Killed Harold
 15013 | Lair:3   | Gained Gorbash as an ally
 15024 | Lair:3   | Got the Guide on Feathery Toxins
 15065 | Lair:3   | Identified a scroll of acquirement
 15065 | Lair:3   | Acquired 1289 gold pieces
 15185 | Lair:3   | Gained mutation: Your muscles are strong. (Str +2) [potion
                  | of mutation]
 15185 | Lair:3   | Gained mutation: Your muscles are very strong. (Str +4)
                  | [potion of mutation]
 15185 | Lair:3   | Gained mutation: Your magical capacity is low. (-10% MP)
                  | [potion of mutation]
 15715 | Lair:4   | HP: 4/123 [12-headed hydra (3)]
 15715 | Lair:4   | Slain by a 12-headed hydra

Illustrated notes

Levels and vault maps discovered:
D:1:      beargit_arrival_greenhouse, layout_basic
D:2:      layout_loops_ring, basic_altar, minmay_split_cup_large
D:3:      layout_basic, lemuel_blue_sif_altar,
          dreamdust_ecumenical_altar_angels_and_demons
D:4:      layout_loops_cross, gup_ossuary_entry_pyramid, serial_bayou,
          serial_bayou_crossing, serial_bayou_lagoon_a, serial_bayou_pond_a,
          serial_bayou_shore_b
D:5:      layout_cave_pools, grunt_qazlal_sundering,
          minmay_temple_entry_junction_2, uniq_edmund, uniq_menkaure
D:6:      layout_basic, mainiacjoe_overflow_concentric_impassable, uniq_grinder
D:7:      kennysheep_spiral_hall, layout_rooms,
          grunt_temple_overflow_lords_of_destruction,
          mainiacjoe_overflow_boulevard, grunt_temple_overflow_holy_war,
          trog_antimagical, minivault_14
D:8:      layout_rooms, lemuel_flamethrower_1
D:9:      layout_basic, okawaru_metal_pillars_1_2, lair_entry_dummy,
          grunt_decor_cap, uniq_joseph
D:10:     layout_roguey, nicolae_ru_path_of_blood, orc_0_dummy,
          gammafunk_ghost_abyssal_escape, lightli_fourway_metalbox, uniq_sonja
Temple:   grunt_temple_mini_profane
Lair:1:   layout_gridlike, grunt_forest_large_clearing_hut, lemuel_fruit_tree
Lair:2:   layout_loops_ring, uniq_harold
Lair:3:   layout_roguey, chequers_serial_rivers_small_3, serial_bayou_pond_d
Lair:4:   layout_cave_pods, palyth_hydra_swamp_entry,
          minmay_snake_entry_six_corridors, grunt_megastairs_4
Orc:1:    layout_caves, lightli_orcish_oven
Orc:2:    st_orc_town, layout_caves, gammafunk_ghost_arena, serial_shops,
          nicolae_shop_statue_plus, gauntlet_entry_generic

Skill      XL: |  1  2  3  4  5  6  7  8  9 10 11 12 13 |
---------------+----------------------------------------+-----
Fighting       | 4 5 6 7 9 10 11 13 | 13.9
Axes           | 5 6 7 8 9 11 13 15 17 18 | 18.0
Armour         | 1 2 3 5 7 8 9 11 12 | 12.0
Shields        | 2 5 7 9 |  9.0
Dodging        | |  2.4
Stealth        | |  1.5

Action                   |  1- 3 |  4- 6 |  7- 9 | 10-12 | 13-15 || total
-------------------------+-------+-------+-------+-------+-------++-------
Melee: Hand axe          |   107 |     3 |       |       |       ||   110
       War axe           |       |   215 |   312 |   354 |       ||   881
       Punch             |       |     2 |     2 |     2 |       ||     6
       Broad axe         |       |       |       |   216 |    74 ||   290
Invok: Convert to Beogh  |       |     1 |       |       |       ||     1
       Smiting           |       |     1 |     1 |     1 |     5 ||     8
       Recall Orcish Fol |       |       |     1 |     5 |     1 ||     7
       Give Item to Name |       |       |       |     1 |       ||     1
  Use: Potion            |     2 |       |     8 |     1 |     1 ||    12
       Scroll            |       |     4 |    13 |       |     9 ||    26
 Stab: Sleeping          |     2 |       |       |       |       ||     2
       Distracted        |       |       |     1 |     2 |       ||     3
       Confused          |       |       |       |     1 |       ||     1
       Petrified         |       |       |       |       |     1 ||     1
Armor: Robe              |     5 |       |       |       |       ||     5
       Scale mail        |    25 |    31 |       |       |       ||    56
       Plate armour      |       |    97 |   215 |   325 |    79 ||   716
Dodge: Dodged            |    57 |    73 |    80 |   125 |    16 ||   351
Block: Kite shield       |       |       |       |   173 |    80 ||   253

Table legend: (Time is in decaauts)
 A = Elapsed time spent in this place.
 B = Non-inter-level travel time spent in this place.
 C = Inter-level travel time spent in this place.
 D = Time resting spent in this place.
 E = Time spent auto-exploring this place.
 F = Levels seen in this place.
 G = Mean time per level.
                   A        B        C        D        E       F      G
               +--------+--------+--------+--------+--------+-----+--------+
         Total |  15713 |  14632 |   1081 |   2381 |   9263 |  18 |  872.9 |
       Dungeon |  10373 |   9592 |    781 |   1785 |   5858 |  10 | 1037.3 |
        Temple |    211 |    173 |     38 |      0 |    168 |   1 |  211.0 |
          Lair |   3233 |   3109 |    124 |    456 |   2084 |   4 |  808.2 |
  Orcish Mines |   1445 |   1309 |    136 |    107 |    968 |   2 |  722.5 |
       Ossuary |    449 |    449 |      0 |     33 |    185 |   1 |  449.0 |
               +--------+--------+--------+--------+--------+-----+--------+

Top non-repeatable levels by time:
     D:1: 1633 daAuts
     D:4: 1438 daAuts
  Lair:2: 1138 daAuts
  Lair:3: 1121 daAuts
     D:7: 1109 daAuts
   Orc:2: 1098 daAuts
    D:10: 1091 daAuts
     D:9: 1078 daAuts
     D:2: 1044 daAuts
     D:5: 909 daAuts
     D:6: 863 daAuts
  Lair:1: 835 daAuts
     D:8: 645 daAuts
     D:3: 559 daAuts
 Ossuary: 449 daAuts
